 Dungeon Crawl Stone Soup version 0.31-a0-232-gb1c03b2570 (webtiles) character file.

Game seed: 17942447938237360797

44 qw the Shooter (level 3, -4/21 HPs)
             Began as a Gargoyle Hexslinger on July 7, 2023.
             Slain by Terence
             ... wielding a +0 trident
              (6 damage)
             ... on level 2 of the Dungeon.
             The game lasted 00:00:35 (1320 turns).

qw the Shooter (Gargoyle Hexslinger)                Turns: 1320, Time: 00:00:35

Health: -4/21      AC:  8    Str: 11    XL:     3   Next: 60%
Magic:  4/4        EV: 10    Int: 13    God:
Gold:   20         SH:  0    Dex: 14    Spells: 3/4 levels left

rFire   . . .        c - +0 sling (freeze)
rCold   . . .        (no shield)
rNeg    + . .        f - +0 ring mail
rPois   inf          (no helmet)
rElec   +            (no cloak)
rCorr   +            (no gloves)
SInv    .            (no boots)
Will    .....        (no amulet)
Stlth   +            d - ring of resist corrosion
HPRegen 0.23/turn    (no ring)
MPRegen 0.09/turn

%: no passive effects
@: no status effects
A: sickness immunity, AC +3, negative energy resistance 1, electricity
resistance, torment resistance 1, petrification resistance
a: no special abilities


You were on level 2 of the Dungeon.
You visited 1 branch of the dungeon, and saw 2 of its levels.

You collected 92 gold pieces.
You spent 72 gold pieces at shops.


Innate Abilities, Weirdness & Mutations

You are immune to sickness and miasma.
Your stone body is resilient. (AC +3)
You are immune to poison.
You resist negative energy. (rN+)
You are resistant to electric shocks. (rElec)
You are resistant to unholy torment.
You are immune to petrification.


   Skills:
 - Level 2.0 Fighting
 + Level 3.5 Ranged Weapons
 - Level 1.5 Dodging
 - Level 1.0 Spellcasting
 - Level 2.6 Hexes


You had 3 spell levels left.
You knew the following spells:

 Your Spells              Type           Power      Damage    Failure   Level
a - Slow                  Hex            28%        N/A       22%         1

Your spell library contained the following spells:

 Spells                   Type           Power      Damage    Failure   Level
 Inner Flame              Hex/Fire       4%         N/A       75%         3
 Portal Projectile        Hex/Tloc       8%         N/A       75%         3
 Cause Fear               Hex            3%         N/A       92%         4

Inventory:

Hand Weapons
 c - a +0 sling of freezing (weapon)
Armour
 f - a +0 ring mail (worn)
Jewellery
 d - a ring of resist corrosion (left hand)
Potions
 a - a potion of heal wounds {unknown}
 b - a potion of curing {unknown}
 g - a potion of cancellation {unknown}

Dungeon Overview and Level Annotations

Branches:
Dungeon (2/15)

Altars:
Xom

Shops:
D:2 (

Annotations:
D:2 Terence


Message History

Enter note:
Enter note:
Enter note:
Enter note:
Enter note:
Enter note:
Enter note:
Enter note:
Enter note:
Enter note: You shoot a sling bullet.
The sling bullet hits Terence.
The sling bullet freezes Terence.
Terence is heavily wounded.
You shoot a sling bullet. The sling bullet barely misses Terence.
Terence barely misses you.
Terence hits you from afar with a +0 trident.
You shoot a sling bullet.
The sling bullet closely misses Terence.
Terence hits you from afar with a +0 trident!
You shoot a sling bullet. The sling bullet hits Terence.
The sling bullet freezes Terence.
Terence is severely wounded.
Terence hits you but does no damage.
You shoot a sling bullet. The sling bullet hits Terence.
The sling bullet freezes Terence.
Terence is severely wounded.
Terence says, "Rest in peace."
Terence completely misses you. Terence barely misses you.
You shoot a sling bullet.
The sling bullet closely misses Terence.
Terence hits you from afar with a +0 trident.
You shoot a sling bullet.
The sling bullet hits Terence but does no damage.
Terence is severely wounded.
Terence closely misses you.
You shoot a sling bullet.
The sling bullet hits Terence but does no damage.
Terence is severely wounded.
Terence hits you from afar with a +0 trident.
You die...

##.......##.....# #.#........
...#####.####.### #.#.#......
##.#####.# ##.## #..###.....
......##.# #...# #.#.#.##...
##.##.##.# #...# ##.#..###...
#.##.##.# #...# #..........%
#.<.....# #...# #..####.##..
##.....[.###..@#######.......##..
......#.........@...##%...##.##..
.#.##..................%.......(.
.#.##.#.............##%....#.##..
.#..#.##.###.....#####.......##..
.#..[....##....#.# ##......####
.##.#.#####..###.# #....#.#
......# #..#\'.# #....#.####
..#.### ##.##### #..........
#.#.#########.#### ##..#..###.


You could see Terence.

Vanquished Creatures
  A dart slug (D:2)
  A bat (D:1)
  6 endoplasms
  A giant cockroach (D:1)
  3 goblins
  2 hobgoblins (D:2)
  4 jackals (D:2)
  A quokka (D:2)
  3 ball pythons (D:2)
  4 frilled lizards (D:1)
  9 kobolds
  A rat (D:1)
36 creatures vanquished.

Notes
Turn   | Place    | Note
-------+----------+-------------------------------------------
     0 | D:1      | qw the Gargoyle Hexslinger began the quest for the Orb.
     0 | D:1      | Reached XP level 1. HP: 12/12 MP: 2/2
     0 | D:1      | 0 ||| qw: Version: 0.3-a-46-gb1f654a
     0 | D:1      | 0 ||| qw: Game counter: 2542
     0 | D:1      | 0 ||| qw: Melee chars always use a shield: true
     0 | D:1      | 0 ||| qw: God list: Okawaru
     0 | D:1      | 0 ||| qw: Allow faded altars: false
     0 | D:1      | 0 ||| qw: Do Orc after clearing Dungeon:15 true
     0 | D:1      | 0 ||| qw: Do second Lair branch before Depths: true
     0 | D:1      | 0 ||| qw: Lair rune preference: random
     0 | D:1      | 0 ||| qw: Goals: Normal
     0 | D:1      | 0 ||| PLANNING D:1-11
   240 | D:1      | Reached XP level 2. HP: 16/16 MP: 3/3
   341 | D:1      | Reached skill level 3 in Ranged Weapons
   694 | D:1      | Reached XP level 3. HP: 21/21 MP: 4/4
   878 | D:1      | 878 ||| UPGRADING to +0 leather armour.
   888 | D:1      | 888 ||| DROPPING +0 robe.
   889 | D:1      | 889 ||| UPGRADING to +0 ring mail.
   899 | D:1      | 899 ||| DROPPING +0 leather armour.
   900 | D:1      | 900 ||| DRINKING 2 fuming black potions.
   901 | D:1      | 901 ||| DROPPING scroll of poison.
   902 | D:1      | 902 ||| DROPPING potion of invisibility.
   927 | D:2      | Found a shimmering altar of Xom.
  1059 | D:2      | Found Hajexaad's Antique Weapon Boutique.
  1088 | D:2      | 1088 ||| SHOPLISTING glowing arbalest (120 gold, have 81).
  1088 | D:2      | 1088 ||| BUYING glowing sling (72 gold).
  1088 | D:2      | Bought a glowing sling for 72 gold pieces
  1088 | D:2      | 1088 ||| SWAPPING to +0 sling of freezing.
  1089 | D:2      | 1089 ||| DROPPING +1 sling.
  1288 | D:2      | Noticed Terence
  1298 | D:2      | 1298 ||| UPGRADING to ring of resist corrosion.
  1315 | D:2      | HP: 1/21 [Terence/+0 trident (8)]
  1320 | D:2      | Slain by Terence

Levels and vault maps discovered:
D:1:      saegor_arrival_fortress, layout_basic, minivault_26, st_stairs_5,
          nrook_campfire
D:2:      layout_loops_cross, serial_shops, nicolae_shop_window_shopping,
          basic_altar, corexii_shack, uniq_terence

Skill      XL: |  1  2  3 |
---------------+----------+-----
Ranged Weapons | 3 |  3.5
Fighting       | 2 |  2.0
Dodging        | |  1.5
Spellcasting   | |  1.0
Hexes          | |  2.6

Action                     || total
---------------------------++-------
   Fire: Sling             ||   141
    Use: Potion            ||     1
 Armour: Robe              ||    10
         Ring mail         ||    51
  Dodge: Dodged            ||    82

Table legend:
 A = Non-vault XP
 B = Vault XP
 C = Vault XP percentage of total XP
 D = Non-vault monster count
 E = Vault monster count
 F = Vault count percentage of total count
                 A         B        C        D         E       F
            +---------+---------+-------+---------+---------+-------
      Total |      55 |       8 |  12.7 |      31 |       5 |  13.9
            +---------+---------+-------+---------+---------+-------
        D:1 |      28 |       6 |  17.6 |      17 |       4 |  19.0
        D:2 |      27 |       2 |   6.9 |      14 |       1 |   6.7
            +---------+---------+-------+---------+---------+-------
